Map: 2000 애트모스피어 - 래더

Players

Clem

  • Race: Terran Terran

ByuN - Winner!

  • Race: Terran Terran

Event: IEM Katowice 2022

VOD

Have the link to the VOD?

Description

Time

  • Played on: Feb. 25, 2022, 4:03 p.m.
  • Length: 13:24

All games in this series

Show
View Real Time Build Order
Export as new Build Order

Clem Terran 

Build Orders:  

Get SALT Encoding   

  12  0:00  SCV  
  13  0:12  SCV  
  14  0:17  Supply Depot  
  14  0:24  SCV  
  15  0:38  SCV  
  15  0:39  Barracks  
  15  0:42  Refinery  
  16  0:50  SCV  
  16  0:52  Refinery  
  17  1:02  SCV  
  18  1:14  SCV  
  20  1:25  Reaper  
  20  1:26  Orbital Command  
  20  1:28  Supply Depot  
  20  1:39  Factory  
  20  1:52  SCV  
  21  1:57  Reaper  
  22  2:04  SCV  
  23  2:15  Command Center  
  23  2:17  SCV  
  24  2:23  Hellion  
  24  2:29  SCV  
  27  2:30  Barracks Reactor  
  27  2:33  Supply Depot  
  27  2:41  SCV  
  27  2:43  Starport  
  28  2:48  Widow Mine  
  30  2:53  SCV  
  31  3:05  SCV  
  31  3:07  Marine x2  
  31  3:11  Factory Tech Lab  
  34  3:14  Refinery  
  34  3:18  SCV  
  35  3:21  Medivac  
  35  3:24  Marine  
  35  3:25  Marine  
  35  3:26  Orbital Command  
  39  3:30  SCV  
  40  3:34  Cyclone  
  43  3:42  Supply Depot, SCV  
  43  3:43  Marine  
  43  3:45  Marine  
  46  3:52  SCV  
  46  3:53  Starport Tech Lab  
  46  3:54  SCV  
  48  4:04  Supply Depot, SCV  
  48  4:06  SCV  
  50  4:11  Raven  
  52  4:17  Marine x2  
  52  4:18  SCV  
  52  4:20  SCV  
  55  4:24  Siege Tank  
  55  4:30  SCV  
  56  4:32  SCV  
  56  4:36  Marine  
  50  4:42  SCV  
  50  4:44  SCV, Marine  
  51  4:54  SCV, Raven  
  51  4:56  SCV  
  55  5:01  Marine  
  55  5:06  SCV  
  57  5:08  SCV  
  57  5:09  Siege Tank  
  57  5:11  Supply Depot  
  61  5:17  Supply Depot  
  61  5:19  SCV  
  61  5:20  SCV  
  63  5:26  Command Center  
  63  5:31  SCV  
  63  5:32  SCV, Marine x2  
  61  5:37  Raven  
  63  5:43  SCV  
  63  5:45  SCV  
  63  5:49  Refinery  
  63  5:50  Siege Tank  
  63  5:51  Marine x2  
  63  5:55  SCV  
  70  5:57  SCV  
  70  6:06  Supply Depot  
  70  6:07  SCV  
  70  6:09  SCV, Marine  
  73  6:13  Barracks  
  73  6:16  Barracks  
  74  6:19  SCV  
  74  6:21  SCV  
  74  6:24  Siege Tank  
  79  6:31  SCV  
  79  6:35  Viking x2  
  79  6:36  SCV  
  79  6:38  Orbital Command  
  84  6:42  Stimpack  
  84  6:43  Marine  
  84  6:46  SCV  
  86  6:50  SCV  
  86  6:51  Supply Depot  
  85  6:56  Siege Tank  
  85  6:58  SCV  
  89  7:01  Orbital Command  
  89  7:02  SCV  
  89  7:05  Viking  
  89  7:06  Viking  
  94  7:10  SCV  
  94  7:11  Barracks Reactor x2  
  94  7:14  SCV  
  96  7:15  Marine  
  96  7:17  Supply Depot  
  96  7:22  SCV  
  98  7:24  Engineering Bay x2  
  98  7:26  SCV  
  98  7:28  SCV  
  100  7:33  Siege Tank  
  100  7:34  SCV  
  100  7:35  Supply Depot  
  104  7:38  SCV  
  104  7:40  Viking  
  104  7:42  Viking  
  109  7:52  Marine  
  109  7:55  Marine  
  109  7:57  Marine  
  109  7:58  Marine  
  113  8:00  Marine  
  111  8:06  Siege Tank  
  111  8:10  Supply Depot, Marine  
  111  8:11  SCV  
  111  8:12  Viking  
  111  8:13  Marine  
  111  8:14  Marine  
  111  8:15  Marine  
  111  8:18  Barracks, Marine  
  109  8:20  Barracks  
  109  8:22  Medivac, Combat Shield  
  111  8:28  Marine  
  111  8:31  Supply Depot, Terran Infantry Armor Level 1, Marine, Terran Infantry Weapons Level 1  
  111  8:32  Marine  
  111  8:33  SCV  
  112  8:38  Marine  
  112  8:40  Marine  
  108  8:43  Siege Tank  
  108  8:45  SCV x2  
  108  8:46  SCV  
  108  8:47  Marine  
  108  8:48  Refinery x2  
  115  8:49  Marine  
  116  8:56  Medivac  
  116  8:57  SCV  
  116  9:00  SCV x2  
  116  9:01  Marine  
  116  9:02  Marine x2  
  124  9:07  Supply Depot  
  124  9:08  Missile Turret  
  124  9:09  SCV  
  121  9:10  Marine  
  121  9:11  Marine x2  
  121  9:12  SCV  
  121  9:14  Marine  
  121  9:16  Siege Tank  
  120  9:19  SCV, Marine  
  120  9:20  Marine  
  120  9:23  SCV  
  116  9:28  Marine  
  116  9:29  Marine  
  112  9:32  SCV  
  112  9:34  Barracks Reactor  
  112  9:37  Barracks Reactor  
  110  9:46  Marine  
  110  9:48  Siege Tank  
  114  9:53  Marine x2  
  114  9:54  Marine  
  114  9:55  Sensor Tower  
  114  9:57  Medivac x2  
  121  10:04  Marine  
  119  10:11  Command Center  
  119  10:13  Armory  
  119  10:16  Marine x2  
  119  10:17  Marine  
  119  10:18  Marine x2  
  119  10:20  Widow Mine  
  125  10:26  Marine x3, Factory  
  128  10:29  Barracks Reactor  
  128  10:32  SCV x3  
  128  10:34  Marine x2  
  128  10:35  Marine  
  133  10:36  Marine  
  133  10:38  Supply Depot  
  135  10:44  SCV x3, Marine x2, Siege Tank  
  135  10:45  Marine  
  141  10:57  Refinery, Armory  
  135  10:58  Marine x2  
  135  11:02  Marine  
  135  11:03  Marine  
  139  11:08  Marine x3  
  138  11:12  Supply Depot  
  138  11:14  Marine  
  138  11:15  Marine  
  138  11:16  Siege Tank  
  138  11:18  Siege Tank  
  146  11:21  SCV  
  146  11:22  SCV  
  146  11:23  Supply Depot  
  146  11:25  SCV, Marine  
  145  11:28  Marine  
  145  11:30  Marine x3  
  145  11:31  Missile Turret  
  143  11:44  Marine x2  
  143  11:45  Marine x2  
  143  11:46  Marine  
  148  11:48  Widow Mine  
  148  11:50  Marine x3, Siege Tank  
  148  11:52  Refinery  
  154  11:55  Supply Depot, Marine x2  
  156  12:01  Marine  
  156  12:05  Marine x2  
  159  12:12  Supply Depot  
  159  12:13  Siege Tank  
  162  12:22  Marine x2  
  149  12:25  Marine  
  141  12:35  Marine, Siege Tank  
  141  12:36  Marine, Medivac x2  
  146  12:39  SCV  
  146  12:42  Marine  
  146  12:43  Marine x3  
  151  12:45  SCV  
  151  12:46  Refinery  
  151  12:48  Refinery  
  151  12:49  Marine  
  151  12:50  Marine  
  151  12:51  SCV x2  
  152  12:53  Marine x2  
  152  12:54  Marine  
  152  12:57  SCV  
  152  12:59  Marine  
  152  13:00  Marine  
  152  13:03  SCV x2  
  152  13:04  Missile Turret  
  152  13:05  Marine x2  
  153  13:06  Marine  
  153  13:09  SCV  
Show
View Real Time Build Order
Export as new Build Order

ByuN Terran - Winner!

Build Orders:  

Get SALT Encoding   

  12  0:00  SCV  
  13  0:12  SCV  
  14  0:16  Supply Depot  
  14  0:24  SCV  
  15  0:38  SCV, Barracks  
  15  0:42  Refinery  
  16  0:50  SCV  
  16  0:52  Refinery  
  17  1:02  SCV  
  18  1:14  SCV  
  19  1:25  Reaper  
  20  1:26  Orbital Command  
  20  1:28  Supply Depot  
  20  1:39  Factory  
  20  1:51  SCV  
  21  1:57  Reaper  
  22  2:03  SCV  
  23  2:15  Command Center  
  23  2:16  SCV  
  26  2:22  Hellion  
  26  2:28  SCV  
  26  2:29  Barracks Reactor  
  27  2:37  Starport  
  27  2:40  SCV  
  30  2:44  Widow Mine  
  30  2:48  Supply Depot  
  30  2:52  SCV  
  31  3:08  Factory Tech Lab  
  31  3:09  SCV, Marine x2  
  34  3:14  Medivac  
  36  3:21  SCV  
  37  3:27  Marine x2  
  37  3:28  Cyclone  
  37  3:32  Orbital Command  
  42  3:35  SCV  
  42  3:38  Refinery  
  43  3:45  Marine x2  
  43  3:47  Starport Tech Lab, SCV  
  46  3:52  Supply Depot  
  46  3:57  SCV  
  46  3:59  SCV  
  48  4:02  Marine x2  
  48  4:07  Raven  
  52  4:12  SCV x2  
  54  4:17  Supply Depot  
  54  4:20  Marine x2  
  55  4:24  SCV x2  
  55  4:36  SCV x2  
  53  4:40  Marine x2  
  52  4:48  SCV x2  
  52  4:49  Siege Tank  
  57  5:00  SCV x2  
  57  5:01  Raven, Marine x2  
  63  5:12  SCV  
  63  5:13  SCV  
  67  5:23  Siege Tank  
  67  5:27  Supply Depot  
  67  5:28  Supply Depot, SCV x2  
  70  5:39  Refinery  
  70  5:40  Command Center  
  70  5:48  SCV x2  
  72  5:57  Supply Depot, Stimpack, Viking, Marine, Siege Tank  
  72  5:59  Viking  
  72  6:01  SCV  
  81  6:06  SCV  
  82  6:12  Barracks  
  82  6:13  SCV, Barracks  
  83  6:18  SCV  
  83  6:19  Marine  
  83  6:25  SCV  
  86  6:27  Viking  
  86  6:29  Viking  
  90  6:34  SCV  
  90  6:36  Siege Tank  
  94  6:41  Supply Depot  
  94  6:48  Engineering Bay x2  
  94  6:52  SCV x2  
  96  6:56  Marine  
  96  7:00  Barracks Reactor  
  96  7:01  Barracks Reactor  
  97  7:04  SCV x2  
  97  7:07  Viking x2  
  97  7:08  Siege Tank  
  106  7:15  Marine  
  106  7:16  SCV x2  
  108  7:27  Terran Infantry Weapons Level 1, Terran Infantry Armor Level 1  
  108  7:28  SCV x2  
  110  7:32  Supply Depot  
  110  7:33  Supply Depot, Marine  
  110  7:36  Viking  
  112  7:40  Viking, Marine  
  115  7:49  SCV x2, Marine x2  
  117  7:54  Marine x2  
  117  7:58  Marine  
  119  7:59  Siege Tank  
  122  8:05  SCV  
  122  8:06  SCV  
  122  8:07  Marine x2  
  122  8:11  Marine x2  
  114  8:13  Viking x2  
  114  8:16  Marine  
  114  8:18  SCV x2  
  115  8:25  Marine x2  
  117  8:29  Marine x2  
  117  8:30  SCV  
  117  8:31  SCV, Siege Tank  
  117  8:34  Marine  
  124  8:43  SCV x2, Marine x2  
  124  8:45  Combat Shield  
  124  8:47  Orbital Command, Marine x2  
  129  8:51  Marine  
  129  8:54  Medivac  
  132  8:59  Medivac  
  132  9:01  Marine x2  
  136  9:03  Siege Tank  
  136  9:04  SCV x2  
  136  9:05  Barracks  
  136  9:06  Marine x2  
  136  9:07  Barracks  
  134  9:14  Marine  
  134  9:16  SCV  
  134  9:17  SCV  
  133  9:18  Marine x2  
  133  9:21  SCV  
  134  9:24  Marine x2  
  134  9:28  SCV  
  134  9:29  SCV, Medivac  
  130  9:32  Marine  
  130  9:33  SCV  
  130  9:35  Siege Tank  
  130  9:36  Marine x2, Medivac  
  128  9:41  SCV x2  
  128  9:42  Marine  
  128  9:43  Marine  
  128  9:49  Refinery x2  
  128  9:50  Marine  
  126  9:54  Marine x2  
  126  9:55  Barracks Reactor x2  
  126  9:59  Marine  
  128  10:01  Command Center  
  128  10:03  Marine  
  130  10:08  Marine  
  130  10:12  Marine x2  
  133  10:17  Marine  
  133  10:20  Marine  
  133  10:22  Armory  
  133  10:23  Supply Depot  
  133  10:25  Viking  
  133  10:26  Marine  
  134  10:30  Marine x2  
  134  10:33  Sensor Tower  
  134  10:35  Viking, Marine  
  138  10:36  Marine x2  
  138  10:41  Marine x3  
  144  10:45  Marine  
  144  10:47  Marine x2  
  148  10:50  Siege Tank  
  148  10:54  Marine x2  
  148  10:55  Viking  
  153  10:59  Marine x3  
  153  11:01  SCV x2  
  153  11:02  SCV  
  153  11:03  Marine  
  156  11:04  Factory  
  156  11:05  Marine x2  
  156  11:07  Barracks Reactor  
  143  11:11  Marine  
  143  11:12  Marine  
  143  11:13  SCV x2  
  143  11:17  Marine x3  
  150  11:21  Marine  
  150  11:22  Siege Tank  
  150  11:23  Marine x2  
  156  11:29  Marine x2  
  156  11:30  Viking x2  
  162  11:35  Marine x3  
  162  11:39  Marine  
  164  11:41  Marine x2  
  164  11:45  Marine x2  
  168  11:47  Marine x2  
  168  11:48  Planetary Fortress  
  168  11:53  Marine x2  
  172  11:57  Marine  
  172  11:58  Supply Depot, Siege Tank x2  
  172  12:00  Supply Depot  
  179  12:17  Viking  
  179  12:18  Viking  
  179  12:20  Marine x4  
  179  12:21  Marine  
  179  12:22  Marine x2  
  175  12:24  Marine x2  
  175  12:26  Marine  
  177  12:30  Siege Tank x2  
  177  12:31  Refinery  
  177  12:32  Refinery, Sensor Tower  
  183  12:38  Marine x2  
  185  12:44  SCV  
  185  12:45  SCV x2  
  188  12:54  Medivac x2  
  192  13:00  Command Center  

Tags
 
Add a new tag
Caveats
  • Supply blocks, unpowered buildings, or Contaminate may cause inaccurate times.
  • Supply counts are checked every 10 seconds.